 Dungeon Crawl Stone Soup version 0.29-a0-1027-gcd8c55af63 (webtiles) character file.

Game seed: 13126123411347759092

174427 IdlyInterested the Demonic Blade (level 17, 0/146 HPs)
             Began as a Demonspawn Gladiator on Aug 10, 2022.
             Was the Champion of Dithmenos.
             Slain by a tentacle (12 damage)
             ... attached to a kraken
             ... on level 3 of the Shoals on Aug 12, 2022.
             The game lasted 02:00:13 (26225 turns).

IdlyInterested the Demonic Blade (DsGl)            Turns: 26225, Time: 02:00:14

Health: 0/146      AC: 30    Str: 16    XL:     17   Next: 45%
Magic:  31/31      EV: 14    Int:  9    God:    Dithmenos [******]
Gold:   344        SH:  0    Dex: 22    Spells: 24/24 levels left

rFire   . . .      SeeInvis +   V - +11 great sword of Ciduvi {flame, rPois Will+ Int-5 Dex+4}
rCold   + + .      Faith    +   (shield currently unavailable)
rNeg    + . .      Spirit   .   D - +7 Kryia's mail coat {PotionHeal*2 rC+}
rPois   +          Reflect  .   z - +1 helmet {SInv}
rElec   .          Harm     .   (cloak unavailable)
rCorr   +          Rampage  .   h - +1 pair of gloves
Will    ++...      Clarity  +   G - +2 pair of boots {Fly}
Stlth   ++++++....              k - amulet "Elegg" {Faith Dex+5}
HPRegen 0.34/turn               b - ring "Loekhlipne" {rC+ rN+ rCorr Dex-4 Stlth+}
MPRegen 0.22/turn               a - +4 ring of slaying

@: sanguine armoured, flying, wreathed by umbra
A: ignite blood 1, powered by death 3, robust 1, sanguine armour 2, weakness
stinger 3, clarity, high MP 1
a: Renounce Religion, Shadow Step, Shadow Form


You were on level 3 of the Shoals.
You worshipped Dithmenos.
Dithmenos was exalted by your worship.
You visited 5 branches of the dungeon, and saw 24 of its levels.
You also visited: Bailey, Gauntlet and Ice Cave.

You collected 4564 gold pieces.
You spent 4220 gold pieces at shops.

Inventory:

Hand Weapons
 A - a +4 demon blade of electrocution
 J - the +8 long sword of Foul Odours {flame, rN+ Str+3 Int+4}
   (You found it in a Gauntlet)

   It burns those it strikes, dealing additional fire damage.
   Big, fiery blades are also staple armaments of hydra-hunters.
   Str:       It affects your strength (+3).
   Int:       It affects your intelligence (+4).
   rN:        It protects you from negative energy.
 N - the +8 long sword of the Candle {antimagic, *Slow rC+ Will+ Str+3 Int+4}
   (You bought it in a shop on level 7 of the Dungeon)

   It reduces the magical energy of the wielder, and disrupts the spells and
   magical abilities of those it strikes.
   Natural abilities and divine invocations are not affected.
   Str:       It affects your strength (+3).
   Int:       It affects your intelligence (+4).
   rC:        It protects you from cold.
   *Slow:     It may slow you when you take damage.
   Will:      It increases your willpower.
 U - the +9 scimitar "Widowmaker" {vorpal, Int+2}
   (You took it off a minotaur in a Gauntlet)

   It inflicts extra damage upon your enemies.
   Int:       It affects your intelligence (+2).
 V - the +11 great sword of Ciduvi (weapon) {flame, rPois Will+ Int-5 Dex+4}
   (You found it on level 11 of the Dungeon)

   It burns those it strikes, dealing additional fire damage.
   Big, fiery blades are also staple armaments of hydra-hunters.
   Int:       It affects your intelligence (-5).
   Dex:       It affects your dexterity (+4).
   rPois:     It protects you from poison.
   Will:      It increases your willpower.
Missiles
 d - 6 throwing nets
 e - 21 javelins (quivered)
 n - 2 boomerangs of dispersal
 W - 3 curare-tipped darts
 Z - 7 silver boomerangs
Armour
 h - a +1 pair of gloves (worn)
 z - a +1 helmet of see invisible (worn)
 D - the +7 Kryia's mail coat (worn) {PotionHeal*2 rC+}
   (You found it on level 6 of the Dungeon)

   Potions are twice as effective at healing its wearer.
   rC:        It protects you from cold.
 G - a +2 pair of boots of flying (worn)
 H - a +1 buckler
Jewellery
 a - a +4 ring of slaying (right hand)
 b - the ring "Loekhlipne" (left hand) {rC+ rN+ rCorr Dex-4 Stlth+}
   (You found it on level 7 of the Dungeon)

   [ring of positive energy]

   Dex:       It affects your dexterity (-4).
   rC:        It protects you from cold.
   rN:        It protects you from negative energy.
   rCorr:     It protects you from acid and corrosion.
   Stlth:     It makes you more stealthy.
 i - an amulet of the acrobat
 k - the amulet "Elegg" (around neck) {Faith Dex+5}
   (You acquired it on level 2 of the Dungeon)

   [amulet of faith]

   It allows you to gain divine favour quickly.
   Dex:       It affects your dexterity (+5).
 q - a ring of protection from fire
 E - a ring of positive energy
 R - a ring of protection from fire
Wands
 j - a wand of digging (2)
 t - a wand of polymorph (18)
 w - a wand of charming (16)
 x - a wand of quicksilver (26)
 I - a wand of roots (12)
 M - a wand of flame (14)
 T - a wand of mindburst (9)
Scrolls
 o - 2 scrolls of brand weapon
 p - 17 scrolls of teleportation
 r - a scroll of magic mapping
 B - 5 scrolls of summoning
 C - 8 scrolls of fear
 F - 4 scrolls of blinking
 S - 5 scrolls of identify
 Y - a scroll of amnesia
Potions
 c - a potion of ambrosia
 f - 3 potions of resistance
 g - 2 potions of heal wounds
 l - 6 potions of curing
 s - 10 potions of haste
 u - 2 potions of berserk rage
 v - 2 potions of magic
 K - 6 potions of mutation
 O - a potion of invisibility
 P - 5 potions of cancellation
 Q - 4 potions of might
Miscellaneous
 m - a box of beasts
 y - a phial of floods
 X - a phantom mirror


   Skills:
 - Level 12.0 Fighting
 * Level 21.3 Long Blades
 - Level 2.0 Throwing
 - Level 4.0 Armour
 - Level 8.0 Dodging
 - Level 6.4 Stealth
 - Level 4.0 Shields
 - Level 4.0 Spellcasting
 - Level 15.0 Invocations
 + Level 3.1 Evocations


You had 24 spell levels left.
You didn't know any spells.
Your spell library contained the following spells:

 Spells                   Type           Power      Damage    Failure   Level
 Beastly Appendage        Tmut           2%         N/A       67%         1
 Freeze                   Ice            4%         1d3       67%         1
 Shock                    Conj/Air       4%         1d3       67%         1
 Sting                    Tmut/Pois      4%         1d3       67%         1
 Ensorcelled Hibernation  Hex/Ice        2%         N/A       80%         2
 Passwall                 Tmut/Erth      0%         N/A       80%         2
 Poisonous Vapours        Pois/Air       2%         N/A       80%         2
 Wereblood                Tmut           1%         N/A       80%         2
 Call Canine Familiar     Summ           1%         N/A       95%         3
 Frozen Ramparts          Ice            2%         1d1       95%         3
 Ozocubu's Armour         Ice            1%         N/A       95%         3
 Portal Projectile        Hex/Tloc       2%         N/A       95%         3
 Spider Form              Tmut/Pois      1%         N/A       95%         3
 Swiftness                Air            1%         N/A       95%         3
 Airstrike                Air            0%         2d(1-17)  100%        4
 Anguish                  Hex/Necr       0%         N/A       100%        4
 Corpse Rot               Necr/Pois/Air  1%         N/A       100%        4
 Dispel Undead            Necr           1%         3d6       100%        4
 Fulminant Prism          Conj/Hex       0%         3d6       100%        4
 Hailstorm                Conj/Ice       1%         3d3       100%        4
 Iskenderun's Mystic Bla  Conj/Tloc      1%         2d3       100%        4
 Leda's Liquefaction      Hex/Erth       0%         N/A       100%        4
 Olgreb's Toxic Radiance  Pois           1%         N/A       100%        4
 Summon Ice Beast         Ice/Summ       1%         N/A       100%        4
 Fireball                 Conj/Fire      0%         3d3       100%        5
 Lee's Rapid Deconstruct  Erth           0%         3d5*      100%        5
 Summon Mana Viper        Hex/Summ       1%         N/A       100%        5
 Death Channel            Necr           0%         N/A       100%        6
 Starburst                Conj/Fire      0%         6d3       100%        6
 Enfeeble                 Hex            0%         N/A       100%        7
 Monstrous Menagerie      Summ           0%         N/A       100%        7
 Ozocubu's Refrigeration  Ice            0%         4d7       100%        7
 Ignition                 Fire           0%         3d3       100%        8


Dungeon Overview and Level Annotations

Branches:
Dungeon (13/15)            Temple (1/1) D:7            Lair (5/5) D:11
 Shoals (3/4) Lair:2       Spider (0/4) Lair:2        Slime (0/5) Lair:5
    Orc (2/2) D:11            Elf (0/3) Orc:2        Vaults (0/5) D:13
 Bailey (visited)           IceCv (visited)         Gauntlet (visited)

Altars:
Ashenzari
Cheibriados
Dithmenos
Fedhas
Gozag
Hepliaklqana
Kikubaaqudgha
Makhleb
Nemelex Xobeh
Okawaru
Qazlal
Ru
Sif Muna
Trog
Uskayaw
Vehumet
Wu Jian
Xom
Yredelemnul

Shops:
D:7 (   Orc:2 [??*   Shoals:3 :

Portals:
Trove: D:11 (give +3 gold dragon scales)


Innate Abilities, Weirdness & Mutations

Your demonic aura sometimes causes spilled blood to erupt in flames.
You regenerate a lot of health from kills.
You are robust. (+10% HP)
When seriously injured, your blood forms thick armour. (AC +9)
You have a sharp stinger which inflicts weakening toxins.
You possess an exceptional clarity of mind.
You have an increased reservoir of magic. (+10% MP)


Message History

Things that are here:
a +0 trident; 3 boomerangs A kraken comes into view.
The helpless kraken fails to defend itself.
You open the kraken like a pillowcase!!!
You burn the kraken!!
The kraken is moderately wounded.
Your shadow hits the kraken but does no damage.
The kraken bites you!
You hit the kraken. You burn the kraken.
The kraken is moderately wounded.
Tentacles burst out of the water! 4 tentacles come into view.
You slash the kraken! You burn the kraken.
The kraken is moderately wounded.
Your shadow hits the kraken but does no damage.
The kraken bites you!!!
You emit a cloud of dark smoke.
Your blood congeals into armour.
The tentacle slaps you but does no damage. x3
You slice the kraken!! You burn the kraken!
The kraken is heavily wounded.
The kraken closely misses you.
The tentacle slaps you but does no damage.
The tentacle slaps you!!
You emit a cloud of dark smoke.
The tentacle misses you.
You slice the kraken!! You burn the kraken!
The kraken is almost dead.
Your shadow hits the kraken with a great sword.
The kraken bites you but does no damage.
The tentacle slaps you! x2
The tentacle slaps you but does no damage.
You slash the kraken! You burn the kraken!
The kraken is almost dead.
Your shadow hits the kraken but does no damage.
The kraken bites you!!
* * * LOW HITPOINT WARNING * * *
The tentacle slaps you!
* * * LOW HITPOINT WARNING * * *
The tentacle completely misses you. The tentacle slaps you!
You die...

≈≈≈≈≈≈≈≈≈≈≈≈≈≈≈≈≈≈≈~~~......
≈≈≈≈≈≈≈≈≈≈≈≈≈≈≈≈≈≈≈~~.......
≈≈≈≈≈≈≈≈≈≈≈≈≈≈≈≈≈≈≈~~.....).
≈≈≈≈≈≈≈≈≈≈≈≈≈≈≈≈≈≈≈≈≈≈~~...#
≈≈≈≈≈≈≈≈≈≈≈≈≈≈≈≈≈≈≈≈≈≈≈~~...
≈≈≈≈≈≈≈≈≈≈≈≈≈≈≈≈≈≈≈≈≈≈≈≈≈~..
≈≈≈≈≈≈≈≈≈§§§§§≈≈≈≈≈≈≈≈≈≈≈~..
≈≈≈≈≈≈≈≈≈§§§§§≈≈≈≈≈≈≈≈≈~~~~.
≈≈≈≈≈≈≈≈≈§w@§w≈≈≈≈≈≈≈≈≈~~~~~
≈≈≈≈≈≈≈≈≈§wXw§≈≈≈≈≈≈≈≈≈~~~~~
≈≈≈≈≈≈≈≈≈§§§§≈≈≈≈≈≈≈≈≈≈≈≈≈~
≈≈≈≈≈≈≈≈≈≈≈≈≈≈≈≈≈≈≈≈≈≈≈≈~~
≈≈≈≈≈≈≈≈≈≈≈≈≈≈≈≈≈≈≈≈≈≈≈~~
≈≈≈≈≈≈≈≈≈≈≈≈≈≈≈≈≈~~~~~~~
≈≈≈≈≈≈≈≈≈≈≈≈≈≈≈ ...~
≈≈≈≈≈≈≈≈≈≈≈~~~~ ... ..


You could see a kraken and 4 tentacles.

Vanquished Creatures
  Nikola (Shoals:2)
  Gastronok (Lair:3)
  A kraken (Shoals:1)
  Ilsuiw (Shoals:2)
  A frost giant (IceCv)
  Aizul (Shoals:1)
  An ironbound preserver (D:13)
  A minotaur (Gauntlet)
  5 merfolk impalers
  Snorg (Orc:1)
  2 merfolk javelineers (Shoals:2)
  A rakshasa (D:13)
  5 hydras
  Erolcha (D:13)
  A merfolk avatar (Shoals:3)
  2 ogre magi (Orc:2)
  6 catoblepae
  Erica (D:10)
  2 boulder beetles
  4 centaur warriors
  9 two-headed ogres
  24 death yaks
  3 merfolk aquamancers (Shoals:2)
  A satyr (Shoals:2)
  A tengu warrior (D:13)
  Urug (D:13)
  8 sea snakes
  2 deep trolls (Orc:2)
  Lodul (D:13)
  A necromancer (Lair:5)
  Pikel (D:6)
  25 harpies
  2 orc knights
  An orc sorcerer (Orc:1)
  A deep elf pyromancer (D:10)
  7 fauns
  A wolf spider (Orc:1)
  4 ugly things
  9 cyclopes
  10 manticores
  5 oklob plants
  An ice statue (IceCv)
  8 merfolk sirens
  12 elephants
  A molten gargoyle (Gauntlet)
  Maurice (D:13)
  7 black mambas
  An eye of devastation (Gauntlet)
  3 gargoyles
  3 water nymphs (Shoals:3)
  6 cane toads
  2 unseen horrors
  Psyche (D:12)
  11 komodo dragons
  4 rime drakes
  A kobold demonologist (D:12)
  3 unseen horror skeletons (D:9)
  13 polar bears
  A wind drake (Shoals:1)
  16 trolls
  2 hornets (D:11)
  25 merfolk
  6 blink frogs
  2 tarantellas (Orc:1)
  3 dream sheep (Shoals:2)
  5 snapping turtles
  6 flying skulls (Gauntlet)
  A shadow (D:5)
  A vampire (D:11)
  72 yaks
  A culicivora (Lair:2)
  4 wraiths
  2 wyverns
  8 water elementals
  A golden eye (Gauntlet)
  12 vampire mosquitoes
  2 basilisks
  3 redbacks
  12 water moccasins
  An acid dragon (D:9)
  5 ice beasts
  25 orc warriors
  4 black bears
  A swamp drake (D:4)
  28 ogres
  25 wolves
  8 centaurs
  2 phantoms (D:11)
  A kobold brigand (D:9)
  Blork the orc (D:6)
  13 bullfrogs
  A gnoll sergeant (D:11)
  7 scorpions
  A necrophage (D:4)
  21 wights
  A wyvern skeleton (D:9)
  2 troll zombies (D:11)
  Dowan (D:4)
  6 killer bees (D:10)
  An oklob sapling (D:11)
  7 howler monkeys
  Crazy Yiuf (D:6)
  3 hounds
  19 orc priests
  3 gnoll boudas
  2 iguanas
  36 orc wizards
  Terence (D:3)
  A yak simulacrum (Lair:5)
  4 polar bear simulacra (Lair:5)
  3 wolf simulacra (Lair:5)
  A centaur simulacrum (D:9)
  6 ogre zombies (D:11)
  19 gnolls
  10 adders
  3 shadow imps
  A white imp (D:6)
  3 ufetubi
  2 worms
  5 dart slugs
  109 orcs
  16 ball pythons
  7 endoplasms
  2 giant cockroaches
  8 goblins
  6 hobgoblins
  6 jackals
  3 quokkas
  6 bats
  4 frilled lizards
  3 goblin skeletons (D:11)
  4 goblin zombies (D:11)
  2 hobgoblin zombies (D:11)
  18 kobolds
  3 orc skeletons (D:11)
  13 orc zombies (D:11)
  5 rats
  3 river rat simulacra (Lair:5)
  A bush (D:11)
  A butterfly (Lair:2)
  A plant (Lair:4)
  3 tentacles (Shoals:1)
928 creatures vanquished.

Vanquished Creatures (collateral kills)
  2 wights (D:7)
2 creatures vanquished.

Vanquished Creatures (others)
  A tengu conjurer (D:13)
  2 orc wizards (Orc:2)
  A bush (Lair:5)
  9 fungi
  41 plants
  4 tentacles (Shoals:1)
58 creatures vanquished.

Grand Total: 988 creatures vanquished

Notes
Turn   | Place    | Note
-------+----------+-------------------------------------------
     0 | D:1      | IdlyInterested the Demonspawn Gladiator began the quest for
                  | the Orb.
     0 | D:1      | Reached XP level 1. HP: 16/16 MP: 1/1
   429 | D:1      | Reached skill level 3 in Long Blades
   429 | D:1      | Gained mutation: Your demonic aura sometimes causes spilled
                  | blood to erupt in flames. [demonic ancestry]
   429 | D:1      | Reached XP level 2. HP: 16/22 MP: 2/2
   700 | D:1      | Found a faded altar of an unknown god.
  1139 | D:2      | Identified a scroll of acquirement
  1139 | D:2      | Acquired the amulet "Elegg" {Faith Dex+5}
  1160 | D:2      | Reached skill level 1 in Stealth
  1160 | D:2      | Reached skill level 1 in Evocations
  1223 | D:2      | Gained mutation: When seriously injured, your blood forms
                  | armour. (AC +9) [demonic ancestry]
  1223 | D:2      | Reached XP level 3. HP: 27/27 MP: 3/3
  2286 | D:3      | Reached XP level 4. HP: 33/33 MP: 4/4
  2476 | D:3      | Noticed Terence
  2492 | D:3      | Killed Terence
  2493 | D:3      | Reached skill level 4 in Long Blades
  3235 | D:4      | Gained mutation: You regenerate a little health from kills.
                  | [demonic ancestry]
  3235 | D:4      | Reached XP level 5. HP: 15/38 MP: 5/5
  3390 | D:4      | Reached skill level 5 in Long Blades
  3587 | D:4      | Noticed Dowan
  3592 | D:4      | Noticed Duvessa
  3593 | D:4      | Killed Dowan
  3594 | D:4      | Reached XP level 6. HP: 44/44 MP: 6/6
  3595 | D:4      | Noticed Duvessa
  3595 | D:4      | Duvessa changed into Duvessa the swamp drake
  3606 | D:4      | Killed Duvessa the swamp drake
  3607 | D:4      | Reached skill level 1 in Armour
  3750 | D:4      | Noticed an ice beast
  3765 | D:4      | Killed an ice beast
  3766 | D:4      | Reached skill level 6 in Long Blades
  4022 | D:4      | Reached XP level 7. HP: 47/50 MP: 7/7
  4409 | D:4      | Reached skill level 1 in Spellcasting
  4436 | D:4      | Reached skill level 7 in Long Blades
  5117 | D:4      | Acquired a +1 demon blade of electrocution
  5127 | D:5      | Entered Level 5 of the Dungeon
  5432 | D:5      | Gained mutation: You regenerate health from kills. [demonic
                  | ancestry]
  5432 | D:5      | Reached XP level 8. HP: 57/57 MP: 11/11
  5669 | D:5      | Reached skill level 8 in Long Blades
  6164 | D:5      | Killed an unseen horror
  6165 | D:5      | Reached skill level 9 in Long Blades
  6523 | D:6      | Reached XP level 9. HP: 59/66 MP: 12/12
  6553 | D:6      | Found the +7 Kryia's mail coat {PotionHeal*2 rC+}
  6669 | D:6      | Reached skill level 5 in Fighting
  6685 | D:6      | Reached skill level 10 in Long Blades
  6738 | D:6      | Found a stormy altar of Qazlal.
  6921 | D:6      | Noticed Blork the orc
  6931 | D:6      | Killed Blork the orc
  7033 | D:6      | Noticed Pikel
  7060 | D:6      | Killed Pikel
  7061 | D:6      | Reached skill level 11 in Long Blades
  7313 | D:6      | Found a runed translucent door.
  7314 | D:6      | Noticed Crazy Yiuf
  7328 | D:6      | Killed Crazy Yiuf
  7421 | D:7      | Found a staircase to the Ecumenical Temple.
  7536 | Temple   | Entered the Ecumenical Temple
  8044 | D:7      | Found Xaoforoutut's Antique Weapon Emporium.
  8172 | D:7      | Gained mutation: You regenerate a lot of health from kills.
                  | [demonic ancestry]
  8172 | D:7      | Reached XP level 10. HP: 66/77 MP: 13/13
  8234 | D:7      | Identified the ring "Loekhlipne" {rC+ rN+ rCorr Dex-4
                  | Stlth+}
  8450 | D:7      | Bought a pitted long sword for 212 gold pieces
  8450 | D:7      | Identified the +8 long sword of the Candle {antimagic,
                  | *Slow rC+ Will+ Str+3 Int+4} (You bought it in a shop on
                  | level 7 of the Dungeon)
  8450 | D:7      | Bought a transparent spear for 200 gold pieces
  8450 | D:7      | Identified the +6 spear "Nuvumniff" {vamp, Str+2 Int+4}
                  | (You bought it in a shop on level 7 of the Dungeon)
  8519 | D:8      | Found a flagged portal.
  8561 | Bailey   | Entered a bailey
  8739 | Bailey   | Noticed an orc knight
  8754 | Bailey   | Killed an orc knight
  9122 | D:8      | Reached skill level 12 in Long Blades
  9439 | D:8      | Gained mutation: You occasionally lose the ability to drink
                  | potions when taking damage. [potion of mutation]
  9440 | D:8      | Lost mutation: You occasionally lose the ability to drink
                  | potions when taking damage. [potion of mutation]
  9440 | D:8      | Gained mutation: Armour fits poorly on your strangely
                  | shaped body. [potion of mutation]
  9440 | D:8      | Gained mutation: You are strong-willed. (Will+) [potion of
                  | mutation]
  9440 | D:8      | Gained mutation: You have very sharp teeth. [potion of
                  | mutation]
  9473 | D:9      | Found an ornate altar of the Wu Jian Council.
  9476 | D:9      | Found an ancient bone altar of Kikubaaqudgha.
  9479 | D:9      | Found a blossoming altar of Fedhas.
  9481 | D:9      | Found a shimmering altar of Xom.
  9483 | D:9      | Found a hide-covered altar of Uskayaw.
  9842 | D:9      | Noticed a four-headed hydra
  9852 | D:9      | Killed a one-headed hydra
  9853 | D:9      | Reached skill level 13 in Long Blades
 10003 | D:9      | Lost mutation: You have very sharp teeth. [potion of
                  | mutation]
 10003 | D:9      | Lost mutation: Armour fits poorly on your strangely shaped
                  | body. [potion of mutation]
 10003 | D:9      | Gained mutation: Armour fits poorly on your strangely
                  | shaped body. [potion of mutation]
 10118 | D:9      | Reached XP level 11. HP: 81/86 MP: 14/14
 10313 | Temple   | Became a worshipper of Dithmenos the Shadowed
 10399 | D:10     | Entered Level 10 of the Dungeon
 10473 | D:10     | Lost mutation: Armour fits poorly on your strangely shaped
                  | body. [potion of mutation]
 10473 | D:10     | Lost mutation: You are strong-willed. (Will+) [potion of
                  | mutation]
 10473 | D:10     | Gained mutation: You possess an exceptional clarity of
                  | mind. [potion of mutation]
 10473 | D:10     | Gained mutation: You have an increased reservoir of magic.
                  | (+10% MP) [potion of mutation]
 10592 | D:10     | Reached * piety under Dithmenos
 10599 | D:10     | Reached skill level 1 in Invocations
 11095 | D:10     | Reached skill level 14 in Long Blades
 11137 | D:10     | Noticed Erica
 11141 | D:10     | Killed Erica
 11440 | D:10     | Noticed a deep elf pyromancer
 11447 | D:10     | Killed a deep elf pyromancer
 11738 | D:11     | Reached ** piety under Dithmenos
 11784 | D:11     | Found a staircase to the Lair.
 11869 | D:11     | Reached skill level 5 in Dodging
 11869 | D:11     | Gained mutation: You have a small tail. [demonic ancestry]
 11869 | D:11     | Reached XP level 12. HP: 87/97 MP: 19/19
 11909 | D:11     | Reached skill level 10 in Fighting
 11917 | D:11     | Identified the +11 great sword of Ciduvi {flame, rPois
                  | Will+ Int-5 Dex+4}
 12201 | D:11     | Found a staircase to the Orcish Mines.
 12210 | D:11     | Reached *** piety under Dithmenos
 12249 | D:11     | Reached **** piety under Dithmenos
 12396 | D:11     | Found a portal to a secret trove of treasure.
 12792 | Lair:1   | Entered Level 1 of the Lair of Beasts
 12929 | Lair:1   | Acquired 1212 gold pieces
 13653 | Lair:2   | Noticed a catoblepas
 13661 | Lair:2   | Killed a catoblepas
 13683 | Lair:2   | Noticed a death yak
 13686 | Lair:2   | Noticed a death yak
 13695 | Lair:2   | Killed a death yak
 13700 | Lair:2   | Killed a death yak
 13700 | Lair:2   | Noticed a death yak
 13701 | Lair:2   | Noticed a death yak
 13701 | Lair:2   | Noticed a death yak
 13701 | Lair:2   | Noticed a death yak
 13705 | Lair:2   | Killed a death yak
 13706 | Lair:2   | Reached skill level 15 in Long Blades
 13707 | Lair:2   | Killed a death yak
 13713 | Lair:2   | Killed a death yak
 13718 | Lair:2   | Killed a death yak
 13739 | Lair:2   | Noticed a catoblepas
 13744 | Lair:2   | Found a frozen archway.
 13750 | Lair:2   | Killed a catoblepas
 13756 | IceCv    | Entered an ice cave
 13792 | IceCv    | Gained mutation: You have a tail ending in a sharp stinger.
                  | [demonic ancestry]
 13792 | IceCv    | Reached XP level 13. HP: 93/104 MP: 20/20
 13844 | IceCv    | Reached ***** piety under Dithmenos
 14006 | IceCv    | Reached skill level 5 in Invocations
 14245 | IceCv    | Noticed a frost giant
 14260 | IceCv    | Killed a frost giant
 14261 | IceCv    | Reached skill level 16 in Long Blades
 14573 | Lair:2   | Found a staircase to the Shoals.
 14951 | Lair:2   | Found a hole to the Spider Nest.
 15041 | Lair:3   | Upgraded the game from 0.29-a0-1019-g84f7d21838 to
                  | 0.29-a0-1027-gcd8c55af63
 15080 | Lair:3   | Noticed Gastronok
 15090 | Lair:3   | Killed Gastronok
 15092 | Lair:3   | Reached skill level 10 in Invocations
 15168 | Lair:3   | Found a gate leading to a gauntlet.
 15180 | Gauntlet | Entered a Gauntlet
 15180 | Gauntlet | Found a transporter.
 15180 | Gauntlet | Found a transporter.
 15181 | Gauntlet | Found a transporter.
 15181 | Gauntlet | Found a transporter.
 15184 | Gauntlet | Found a transporter.
 15185 | Gauntlet | Found a transporter.
 15245 | Gauntlet | Found a transporter.
 15248 | Gauntlet | Found a transporter.
 15266 | Gauntlet | Found a transporter.
 15282 | Gauntlet | Found a transporter.
 15285 | Gauntlet | Found a transporter.
 15289 | Gauntlet | Found a transporter.
 15585 | Gauntlet | Gained mutation: You are robust. (+10% HP) [demonic
                  | ancestry]
 15585 | Gauntlet | Reached XP level 14. HP: 100/122 MP: 24/24
 15585 | Gauntlet | Reached XP level 15. HP: 105/128 MP: 25/25
 15599 | Gauntlet | Identified the +2 cloak of Makhleb's Condemnation {Str+2
                  | Int+3}
 15613 | Gauntlet | Identified the +8 long sword of Foul Odours {flame, rN+
                  | Str+3 Int+4}
 15621 | Gauntlet | Identified the +9 scimitar "Widowmaker" {vorpal, Int+2}
 15962 | Lair:3   | Reached ****** piety under Dithmenos
 16721 | Lair:4   | Reached skill level 17 in Long Blades
 17124 | Lair:4   | Found the +14 obsidian axe {vorpal, Mesm Drain Fly SInv}
 17547 | Lair:5   | Entered Level 5 of the Lair of Beasts
 17960 | Lair:5   | Found a staircase to the Slime Pits.
 18151 | Lair:5   | Reached skill level 18 in Long Blades
 18397 | Lair:5   | Identified the +7 long sword "Ymasty" {pain, rF- Str+3
                  | Int+3 Stlth+}
 18884 | Orc:1    | Entered Level 1 of the Orcish Mines
 18932 | Orc:1    | You are sucked into a shaft and drop 1 floor!
 18932 | Orc:2    | Entered Level 2 of the Orcish Mines
 19351 | Orc:2    | Found Kixum's Assorted Antiques.
 19359 | Orc:2    | Gained mutation: You have a sharp stinger which inflicts
                  | weakening toxins. [demonic ancestry]
 19359 | Orc:2    | Reached XP level 16. HP: 136/136 MP: 29/29
 19379 | Orc:2    | Paralysed by an ogre mage for 2 turns
 19385 | Orc:2    | Reached skill level 15 in Invocations
 19405 | Orc:2    | Found Nuxyor's Magic Scroll Shop.
 19467 | Orc:2    | Found Sycs's Magic Scroll Shoppe.
 19474 | Orc:2    | Bought a bubbling black potion for 19 gold pieces
 19479 | Orc:2    | Found Xautwown's Antique Armour Boutique.
 19510 | Orc:2    | Reached skill level 19 in Long Blades
 19568 | Orc:2    | Found a staircase to the Elven Halls.
 19626 | Orc:1    | Noticed Snorg
 19627 | Orc:1    | Killed Snorg
 20373 | Orc:2    | Bought a scroll of acquirement for 676 gold pieces
 20380 | Orc:2    | Acquired a +1 triple sword of protection
 20391 | Orc:2    | Bought a wand of quicksilver (7) for 646 gold pieces
 20391 | Orc:2    | Bought a wand of quicksilver (7) for 646 gold pieces
 20391 | Orc:2    | Bought 3 scrolls of summoning for 627 gold pieces
 20396 | Orc:2    | Bought a potion of haste for 220 gold pieces
 20407 | Orc:2    | Bought a faintly glowing chain mail for 190 gold pieces
 20407 | Orc:2    | Identified the +1 chain mail of the Orb Guardian {rElec
                  | rPois Str-2} (You bought it in a shop on level 2 of the
                  | Orcish Mines)
 20418 | Orc:2    | Bought a scroll of teleportation for 39 gold pieces
 20418 | Orc:2    | Bought a scroll of fear for 52 gold pieces
 20424 | Orc:2    | Bought a scroll of teleportation for 39 gold pieces
 21598 | D:12     | Noticed Psyche
 21604 | D:12     | Killed Psyche
 21853 | D:13     | Noticed Erolcha
 21864 | D:13     | Killed Erolcha
 22152 | D:13     | Noticed Urug
 22154 | D:13     | Found a gate to the Vaults.
 22163 | D:13     | Killed Urug
 22378 | D:13     | Noticed Maurice
 22378 | D:13     | Noticed Lodul
 22385 | D:13     | Killed Lodul
 22391 | D:13     | Killed Maurice
 22807 | Orc:2    | Bought a glowing great sword for 209 gold pieces
 22807 | Orc:2    | Bought a runed helmet for 165 gold pieces
 22823 | Orc:2    | Bought a shiny ring mail for 140 gold pieces
 22823 | Orc:2    | Bought an embroidered hat for 140 gold pieces
 23003 | Shoals:1 | Entered Level 1 of the Shoals
 23005 | Shoals:1 | Noticed a kraken
 23033 | Shoals:1 | Noticed Aizul
 23085 | Shoals:1 | Killed Aizul
 23161 | Shoals:1 | Reached skill level 20 in Long Blades
 23557 | Shoals:1 | HP: 6/139 [kraken (13)]
 23559 | Shoals:1 | Killed a kraken
 24496 | Shoals:2 | Noticed Nikola
 24507 | Shoals:2 | Killed Nikola
 24508 | Shoals:2 | Reached skill level 1 in Shields
 24508 | Shoals:2 | Gained mutation: When seriously injured, your blood forms
                  | thick armour. (AC +9) [demonic ancestry]
 24508 | Shoals:2 | Reached XP level 17. HP: 83/146 MP: 31/31
 24837 | Shoals:2 | Noticed Ilsuiw
 24870 | Shoals:2 | Killed Ilsuiw
 25641 | Shoals:3 | Reached skill level 21 in Long Blades
 25859 | Shoals:3 | Found Hoerih's Vocational Training.
 26213 | Shoals:3 | Noticed a kraken
 26225 | Shoals:3 | Slain by a tentacle

Illustrated notes

Levels and vault maps discovered:
D:1:      lemuel_arrival_funnel, layout_rooms,
          dreamdust_ecumenical_altar_angels_and_demons
D:2:      layout_basic
D:3:      layout_basic, dk_vineyard_2, uniq_terence
D:4:      layout_cave_pods, minmay_mini_jars, uniq_duvessa
D:5:      layout_cave_pods
D:6:      layout_cave_pools, mainiacjoe_overflow_six_doors_small,
          uniq_crazy_yiuf_cottage, uniq_blork_the_orc, uniq_pikel
D:7:      nicolae_cairo_tiling_large_dashed, layout_gridville,
          minmay_temple_entry_glass, serial_shops, nicolae_lakefront_shop
D:8:      layout_loops_cross, enter_bailey_2, st_stairs_13
D:9:      layout_rooms, minitemple, hangedman_weighted_door,
          hangedman_decor_growths
D:10:     layout_basic, uniq_erica
D:11:     layout_loops_cross, grunt_lair_entry_orc_guard_hut, zombieorc2_lemuel,
          enter_trove_2, introduction_to_nature_2
D:12:     kennysheep_spiral_hall, layout_cave_pods, uniq_psyche
D:13:     layout_basic, skrybe_vaults_entry_preservation, uniq_urug,
          uniq_maurice, uniq_erolcha, uniq_lodul
Temple:   nicolae_temple_bog_church
Lair:1:   layout_chaotic_city, minivault_26
Lair:2:   layout_cave_pods, elwin_shoals_entry_stream,
          spider_nest_entry_funnel_web, portal_ice_cave_entry_pillars_2,
          lemuel_fruit_fields
Lair:3:   layout_regular_city, gauntlet_entry_generic, uniq_gastronok
Lair:4:   minmay_lair_oklob_chamber, layout_cave_pods,
          dreamdust_deal_with_the_devil, grunt_megastairs_2,
          infiniplex_staircase_pool_2, serial_bayou_shore_b
Lair:5:   evilmike_catoblepas_cave, layout_concentric_octagons, slime_entry_1,
          chequers_serial_rivers_micro_c, eino_house_with_fridge
Shoals:1: layout_shoals, nicolae_shoals_lost_giant_hut, uniq_aizul
Shoals:2: layout_shoals, nicolae_shoals_lost_giant_temple, uniq_nikola,
          uniq_ilsuiw
Shoals:3: layout_shoals, nicolae_shop_vocational
Orc:1:    nicolae_orc_accident_3, layout_diamond_mine, basic_altar,
          serial_shops, uniq_snorg
Orc:2:    st_orc_open, layout_diamond_mine, basic_altar, rock_pile

Skill      XL: |  1  2  3  4  5  6  7  8  9 10 11 12 13 14 15 16 17 |
---------------+----------------------------------------------------+-----
Long Blades    | 3 4 5 6 7 9 11 13 14 15 16 18 20 21 | 21.3
Stealth        | 1 2 6 |  6.4
Evocations     | 1 2 3 |  3.1
Throwing       | 2 |  2.0
Armour         | 1 2 4 |  4.0
Spellcasting   | 2 4 |  4.0
Fighting       | 4 6 8 9 10 12 | 12.0
Dodging        | 3 5 7 8 |  8.0
Invocations    | 4 11 14 15 | 15.0
Shields        | 1 4 |  4.0

Action                   |  1- 3 |  4- 6 |  7- 9 | 10-12 | 13-15 | 16-18 || total
-------------------------+-------+-------+-------+-------+-------+-------++-------
Melee: Long sword        |   116 |   123 |    94 |     6 |       |       ||   339
       Punch             |     2 |     4 |     6 |       |       |       ||    12
       Unarmed           |       |     6 |       |       |       |       ||     6
       Demon blade       |       |       |    57 |   347 |       |       ||   404
       Scimitar          |       |       |   130 |    90 |       |       ||   220
       Bite              |       |       |       |     8 |       |       ||     8
       Great sword       |       |       |       |   179 |   534 |   554 ||  1267
       Tailslap          |       |       |       |    35 |    87 |    80 ||   202
Throw: Dart              |       |     7 |    24 |     8 |    30 |       ||    69
       Boomerang         |       |       |     3 |       |       |       ||     3
Invok: Shadow Step       |       |       |       |       |     1 |       ||     1
Evoke: Wand              |       |     2 |     9 |     4 |       |     2 ||    17
       Phantom mirror    |       |       |       |       |     1 |       ||     1
  Use: Scroll            |     4 |     3 |     9 |    10 |     4 |     3 ||    33
       Potion            |       |     3 |     3 |     7 |     3 |     3 ||    19
 Stab: Sleeping          |     1 |       |       |    20 |    19 |    37 ||    77
       Petrified         |       |       |       |     2 |       |       ||     2
       Held in net/web   |       |       |       |     1 |       |       ||     1
       Petrifying        |       |       |       |     1 |       |       ||     1
       Distracted        |       |       |       |       |       |     3 ||     3
Armor: Leather armour    |    19 |       |       |       |       |       ||    19
       Ring mail         |    34 |     6 |    39 |       |       |       ||    79
       Scale mail        |       |    58 |   151 |   250 |   210 |   404 ||  1073
Dodge: Dodged            |    93 |    71 |   150 |   247 |   402 |   563 ||  1526
Block: Buckler           |       |       |     6 |    74 |       |       ||    80

Table legend: (Time is in decaauts)
 A = Elapsed time spent in this place.
 B = Non-inter-level travel time spent in this place.
 C = Inter-level travel time spent in this place.
 D = Time resting spent in this place.
 E = Time spent auto-exploring this place.
 F = Levels seen in this place.
 G = Mean time per level.
                   A        B        C        D        E       F      G
               +--------+--------+--------+--------+--------+-----+--------+
         Total |  25874 |  22694 |   3180 |   1717 |  13537 |  27 |  958.3 |
       Dungeon |  14420 |  12447 |   1973 |   1042 |   7952 |  13 | 1109.2 |
        Temple |    196 |    154 |     42 |      0 |    133 |   1 |  196.0 |
          Lair |   4976 |   4380 |    596 |    104 |   3088 |   5 |  995.2 |
        Shoals |   3134 |   2991 |    143 |    464 |   1671 |   3 | 1044.7 |
  Orcish Mines |   1760 |   1337 |    423 |      0 |    550 |   2 |  880.0 |
        Bailey |    284 |    284 |      0 |      0 |      0 |   1 |  284.0 |
      Ice Cave |    628 |    628 |      0 |    107 |     78 |   1 |  628.0 |
      Gauntlet |    474 |    474 |      0 |      0 |     65 |   1 |  474.0 |
               +--------+--------+--------+--------+--------+-----+--------+

Top non-repeatable levels by time:
     D:4: 1958 daAuts
    D:11: 1320 daAuts
Shoals:2: 1289 daAuts
    D:10: 1267 daAuts
     D:5: 1255 daAuts
     D:3: 1245 daAuts
Shoals:1: 1225 daAuts
  Lair:5: 1123 daAuts
     D:1: 1084 daAuts
  Lair:3: 1049 daAuts
  Lair:4: 1025 daAuts
     D:2: 1023 daAuts
    D:12: 1009 daAuts
   Orc:2: 974 daAuts
     D:6: 928 daAuts
